PBL
AMARILLO THUNDERHEADS @ HOUSTON COLT .45'S
10/08/2047
 
TOP OF THE 1ST
Houston Colt .45's batting - Pitching for Tijuana Toros : RHP Maaik van Duinen
Pitching: RHP Maaik van Duinen
Batting: RHB Jerry Shutt 0-0: Ball
1-0: Ball
2-0: Ball
3-0: Called Strike
3-1: Ground out 5-3 (Groundball, 56, EV 91.9 MPH)
Batting: RHB Alex Gonzales 0-0: Fly out, F9 (Flyball, 9S, EV 91.3 MPH)
Batting: LHB Matt Reed 0-0: Ball
1-0: DOUBLE (Flyball, 8LXD, EV 90.0 MPH)
Batting: LHB Brian Horton 0-0: Ball
1-0: Called Strike
1-1: Swinging Strike
1-2: Foul Ball, location: 2F
1-2: Ball
2-2: Foul Ball, location: 2F
2-2: Strikes out swinging
Top of the 1st over - 0 runs, 1 hit, 0 errors, 1 left on base; Houston 0 - Tijuana 0
BOTTOM OF THE 1ST
Tijuana Toros batting - Pitching for Houston Colt .45's : RHP Joe Mrugala
Pitching: RHP Joe Mrugala
Batting: LHB James Betron 0-0: Foul Ball, location: 2F
0-1: Foul Ball, location: 2F
0-2: Ball
1-2: Foul Ball, location: 2F
1-2: Foul Ball, location: 2F
1-2: Foul Ball, location: 2F
1-2: Foul Ball, location: 2F
1-2: SINGLE (Line Drive, 78M, EV 106.9 MPH)
Batting: RHB Eduardo Arias 0-0: Reached on error, E4 (Groundball, 34, EV 80.6 MPH)
James Betron to second
Batting: LHB Miguel Medina 0-0: SINGLE (Groundball, 3D, EV 97.5 MPH)
James Betron to third
Eduardo Arias to second
Runner from 3rd tries for Home, SAFE, no throw by RF
Batting: LHB Ricardo Rosales 0-0: Ball
1-0: Swinging Strike
1-1: Ball
2-1: Called Strike
2-2: Foul Ball, location: 2F
2-2: Grounds into double play, 3-6-3 (Groundball, 34, EV 101.3 MPH)
Eduardo Arias to third
Batting: RHB Mike Dodson 0-0: Fly out, F9 (Line Drive, 9, EV 86.3 MPH)
Bottom of the 1st over - 1 run, 2 hits, 1 error, 1 left on base; Houston 0 - Tijuana 1
TOP OF THE 2ND
Houston Colt .45's batting - Pitching for Tijuana Toros : RHP Maaik van Duinen
Batting: RHB Alex Oliveros 0-0: Called Strike
0-1: Ball
1-1: Foul Ball, location: 2F
1-2: Ball
2-2: Foul Ball, location: 2F
2-2: Foul Ball, location: 2F
2-2: Fly out, F8 (Line Drive, 8LM, EV 95.6 MPH)
Batting: LHB Josh Basford 0-0: Called Strike
0-1: Foul Ball, location: 2F
0-2: Ball
1-2: Strikes out swinging
Batting: RHB Jacob Wright 0-0: Ball
1-0: Foul Ball, location: 2F
1-1: Called Strike
1-2: Strikes out swinging
Top of the 2nd over - 0 runs, 0 hits, 0 errors, 0 left on base; Houston 0 - Tijuana 1
BOTTOM OF THE 2ND
Tijuana Toros batting - Pitching for Houston Colt .45's : RHP Joe Mrugala
Batting: RHB Leo Garza 0-0: Called Strike
0-1: Ground out 6-3 (Groundball, 6, EV 86.3 MPH)
Batting: LHB Tomoshi Ueda 0-0: SINGLE (Groundball, 3D, EV 98.1 MPH)
Batting: RHB Juan Hernandez 0-0: Called Strike
0-1: Ground out 5-3 (Groundball, 5S, EV 61.3 MPH)
Tomoshi Ueda to second
Batting: RHB Maaik van Duinen 0-0: Called Strike
0-1: Ball
1-1: Foul Ball, location: 2F
1-2: Ball
2-2: Strikes out swinging
Bottom of the 2nd over - 0 runs, 1 hit, 0 errors, 1 left on base; Houston 0 - Tijuana 1
TOP OF THE 3RD
Houston Colt .45's batting - Pitching for Tijuana Toros : RHP Maaik van Duinen
Batting: RHB Brian Clark 0-0: Ball
1-0: Foul Ball, location: 2F
1-1: Ball
2-1: Called Strike
2-2: DOUBLE (Flyball, 8LD, EV 91.9 MPH)
Batting: RHB Joe Mrugala 0-0: Sac Bunt to 5S - play at first, batter OUT! 5-4
Brian Clark to third
Batting: RHB Jerry Shutt 0-0: Ball
1-0: Foul Ball, location: 2F
1-1: Ball
2-1: Swinging Strike
2-2: Strikes out looking
Batting: RHB Alex Gonzales 0-0: Called Strike
0-1: Ball
1-1: Ball
2-1: Ground out 4-3 (Groundball, 4, EV 101.3 MPH)
Top of the 3rd over - 0 runs, 1 hit, 0 errors, 1 left on base; Houston 0 - Tijuana 1
BOTTOM OF THE 3RD
Tijuana Toros batting - Pitching for Houston Colt .45's : RHP Joe Mrugala
Batting: LHB James Betron 0-0: Foul Ball, location: 2F
0-1: Ground out 4-3 (Groundball, 4M, EV 98.1 MPH)
Batting: RHB Eduardo Arias 0-0: Called Strike
0-1: Ground out U3 (Groundball, 34, EV 96.3 MPH)
Batting: LHB Miguel Medina 0-0: Fly out, F8 (Flyball, 8LM, EV 93.1 MPH)
Bottom of the 3rd over - 0 runs, 0 hits, 0 errors, 0 left on base; Houston 0 - Tijuana 1
TOP OF THE 4TH
Houston Colt .45's batting - Pitching for Tijuana Toros : RHP Maaik van Duinen
Batting: LHB Matt Reed 0-0: Ground out 6-3 (Groundball, 6MS, EV 68.1 MPH)
Batting: LHB Brian Horton 0-0: Ball
1-0: SINGLE (Groundball, 56D, EV 105.6 MPH)
Batting: RHB Alex Oliveros 0-0: Called Strike
0-1: Grounds into double play, 4-6-3 (Groundball, 4, EV 83.8 MPH)
Top of the 4th over - 0 runs, 1 hit, 0 errors, 0 left on base; Houston 0 - Tijuana 1
BOTTOM OF THE 4TH
Tijuana Toros batting - Pitching for Houston Colt .45's : RHP Joe Mrugala
Batting: LHB Ricardo Rosales 0-0: Called Strike
0-1: Called Strike
0-2: Ball
1-2: Strikes out looking
Batting: RHB Mike Dodson 0-0: Called Strike
0-1: Fly out, F3 (Popup, 3F, EV 61.3 MPH)
Batting: RHB Leo Garza 0-0: Called Strike
0-1: Ball
1-1: Foul Ball, location: 2F
1-2: Fly out, F7 (Line Drive, 7D, EV 95.6 MPH)
Bottom of the 4th over - 0 runs, 0 hits, 0 errors, 0 left on base; Houston 0 - Tijuana 1
TOP OF THE 5TH
Houston Colt .45's batting - Pitching for Tijuana Toros : RHP Maaik van Duinen
Batting: LHB Josh Basford 0-0: Called Strike
0-1: Ball
1-1: Ball
2-1: Fly out, F5 (Popup, 5F, EV 48.8 MPH)
Batting: RHB Jacob Wright 0-0: Foul Ball, location: 2F
0-1: Ball
1-1: Called Strike
1-2: Foul Ball, location: 2F
1-2: DOUBLE (Flyball, 8RXD, EV 104.4 MPH)
Batting: RHB Brian Clark 0-0: Ball
1-0: Ball
2-0: Called Strike
2-1: Ball
3-1: Foul Ball, location: 2F
3-2: Base on Balls
Batting: RHB Joe Mrugala 0-0: Bunted foul
0-1: Bunted foul
0-2: Sac Bunt to 2L - play at first, batter OUT! 2-4
Jacob Wright to third
Brian Clark to second
Pitching: RHP Tony Johnson
Now at C: Cesar Gutierrez
Batting: RHB Jerry Shutt 0-0: Foul Ball, location: 2F
0-1: Called Strike
0-2: Ball
1-2: Strikes out swinging
Top of the 5th over - 0 runs, 1 hit, 0 errors, 2 left on base; Houston 0 - Tijuana 1
BOTTOM OF THE 5TH
Tijuana Toros batting - Pitching for Houston Colt .45's : RHP Joe Mrugala
Batting: LHB Tomoshi Ueda 0-0: Ball
1-0: Called Strike
1-1: Foul Ball, location: 2F
1-2: Ball
2-2: Strikes out looking
Batting: RHB Juan Hernandez 0-0: Ball
1-0: Called Strike
1-1: Called Strike
1-2: Fly out, F9 (Flyball, 9S, EV 76.9 MPH)
Batting: LHB Cesar Gutierrez 0-0: Ball
1-0: Foul Ball, location: 2F
1-1: Called Strike
1-2: Ball
2-2: Strikes out swinging
Bottom of the 5th over - 0 runs, 0 hits, 0 errors, 0 left on base; Houston 0 - Tijuana 1
TOP OF THE 6TH
Houston Colt .45's batting - Pitching for Tijuana Toros : RHP Tony Johnson
Batting: RHB Alex Gonzales 0-0: Called Strike
0-1: Ball
1-1: Foul Ball, location: 2F
1-2: Hit by Pitch
Batting: LHB Matt Reed 0-0: Ball
1-0: Ball
2-0: Ball
3-0: Base on Balls
Alex Gonzales to second
Batting: LHB Brian Horton 0-0: Swinging Strike
0-1: Ground out 6-3 (Groundball, 6MS, EV 72.5 MPH)
Alex Gonzales to third
Matt Reed to second
Batting: RHB Alex Oliveros 0-0: Ball
1-0: Ball
2-0: Ball
3-0: Called Strike
3-1: Foul Ball, location: 2F
3-2: Foul Ball, location: 2F
3-2: Base on Balls
Batting: LHB Josh Basford 0-0: Swinging Strike
0-1: Ball
1-1: Swinging Strike
1-2: Ball
2-2: Strikes out looking
Batting: RHB Jacob Wright 0-0: Ball
1-0: Foul Ball, location: 2F
1-1: Fly out, F8 (Flyball, 78M, EV 92.5 MPH)
Top of the 6th over - 0 runs, 0 hits, 0 errors, 3 left on base; Houston 0 - Tijuana 1
BOTTOM OF THE 6TH
Tijuana Toros batting - Pitching for Houston Colt .45's : RHP Joe Mrugala
Batting: LHB James Betron 0-0: Ball
1-0: Ball
2-0: Ground out 4-3 (Groundball, 4M, EV 105.0 MPH)
Batting: RHB Eduardo Arias 0-0: Called Strike
0-1: Swinging Strike
0-2: Ball
1-2: Ball
2-2: Fly out, F7 (Flyball, 7S, EV 87.5 MPH)
Batting: LHB Miguel Medina 0-0: Ball
1-0: Ball
2-0: Ball
3-0: Called Strike
3-1: Base on Balls
Batting: LHB Ricardo Rosales 0-0: Ball
1-0: Fly out, F7 (Flyball, 7, EV 86.3 MPH)
Bottom of the 6th over - 0 runs, 0 hits, 0 errors, 1 left on base; Houston 0 - Tijuana 1
TOP OF THE 7TH
Houston Colt .45's batting - Pitching for Tijuana Toros : RHP Tony Johnson
Pitching: RHP Mikinori Yamakawa
Batting: RHB Brian Clark 0-0: Ball
1-0: Fly out, F8 (Flyball, 89M, EV 73.8 MPH)
Pinch Hitting: RHB Jose Matias 0-0: Ball
1-0: Ball
2-0: Ball
3-0: Base on Balls
Pinch Hitting: LHB Brad Bobbitt 0-0: Called Strike
0-1: Swinging Strike
0-2: Ball
1-2: Foul Ball, location: 2F
1-2: Strikes out swinging
Pinch Hitting: LHB Gabe Schaub 0-0: Ball
1-0: Called Strike
1-1: Called Strike
1-2: SINGLE (Groundball, 4MD, EV 108.8 MPH)
Jose Matias to second
Runner from 2nd tries for 3rd, SAFE, throw by CF made to third
Batting: LHB Matt Reed 0-0: Swinging Strike
0-1: Foul Ball, location: 2F
0-2: Ball
1-2: Ball
2-2: Ball
3-2: 3-RUN HOME RUN (Flyball, 9LD, EV 98.8 MPH), Distance : 332 ft
Pitching: LHP Jose Fuentes
Batting: LHB Brian Horton 0-0: Called Strike
0-1: Ball
1-1: Called Strike
1-2: Foul Ball, location: 2F
1-2: Strikes out looking
Top of the 7th over - 3 runs, 2 hits, 0 errors, 0 left on base; Houston 3 - Tijuana 1
BOTTOM OF THE 7TH
Tijuana Toros batting - Pitching for Houston Colt .45's : RHP Joe Mrugala
Pitching: LHP Aiden Stewart
Now at 3B: Joe Turpin
Now at SS: Cory Page
Batting: RHB Mike Dodson 0-0: Ball
1-0: Ball
2-0: Ball
3-0: Base on Balls
Pinch Hitting: RHB Billy Valadez 0-0: Called Strike
0-1: Grounds into double play, 5-4-3 (Groundball, 56S, EV 84.4 MPH)
Batting: LHB Tomoshi Ueda 0-0: Ball
1-0: DOUBLE (Line Drive, 8RXD, EV 111.9 MPH)
Batting: RHB Juan Hernandez 0-0: Ball
1-0: Ball
2-0: Ball
3-0: Called Strike
3-1: Base on Balls
Batting: LHB Cesar Gutierrez 0-0: Ball
1-0: Ball
2-0: Foul Ball, location: 2F
2-1: Foul Ball, location: 2F
2-2: Ball
3-2: Foul Ball, location: 2F
3-2: Base on Balls
Tomoshi Ueda to third
Juan Hernandez to second
Batting: LHB James Betron 0-0: Called Strike
0-1: Ball
1-1: Ball
2-1: Reached on error, E6 (Groundball, 6, EV 87.5 MPH)
Tomoshi Ueda scores
Juan Hernandez to third
Cesar Gutierrez to second
Batting: RHB Eduardo Arias 0-0: Ball
1-0: Ball
2-0: Ball
3-0: Called Strike
3-1: Foul Ball, location: 2F
3-2: Base on Balls
Juan Hernandez scores
Cesar Gutierrez to third
James Betron to second
Batting: LHB Miguel Medina 0-0: Ball
1-0: Swinging Strike
1-1: Swinging Strike
1-2: Strikes out swinging
Bottom of the 7th over - 2 runs, 1 hit, 1 error, 3 left on base; Houston 3 - Tijuana 3
TOP OF THE 8TH
Houston Colt .45's batting - Pitching for Tijuana Toros : LHP Jose Fuentes
Pitching: RHP Tim Clark
Batting: RHB Alex Oliveros 0-0: Called Strike
0-1: Foul Ball, location: 2F
0-2: Foul Ball, location: 2F
0-2: Ball
1-2: Ball
2-2: Foul Ball, location: 2F
2-2: Reached on error, E5 (Groundball, 56, EV 76.9 MPH)
Batting: LHB Josh Basford 0-0: Grounds into double play, 4-6-3 (Groundball, 4, EV 91.9 MPH)
Batting: RHB Jacob Wright 0-0: Swinging Strike
0-1: Ball
1-1: Foul Ball, location: 2F
1-2: Strikes out swinging
Top of the 8th over - 0 runs, 0 hits, 1 error, 0 left on base; Houston 3 - Tijuana 3
BOTTOM OF THE 8TH
Tijuana Toros batting - Pitching for Houston Colt .45's : LHP Aiden Stewart
Pitching: LHP Korbin Self
Batting: LHB Ricardo Rosales 0-0: Swinging Strike
0-1: Ball
1-1: Called Strike
1-2: Ball
2-2: Foul Ball, location: 2F
2-2: SINGLE (Line Drive, 6MD, EV 101.3 MPH)
Batting: RHB Mike Dodson 0-0: Ball
1-0: Ball
2-0: Foul Ball, location: 2F
2-1: Ball
3-1: Swinging Strike
3-2: Strikes out swinging
Pinch Hitting: LHB Dave Lotts 0-0: Foul Ball, location: 2F
0-1: Foul Ball, location: 2F
0-2: Hit by Pitch
Ricardo Rosales to second
Pitching: LHP Peter Guiton
Batting: LHB Tomoshi Ueda 0-0: Called Strike
0-1: SINGLE (Groundball, 34D, EV 106.9 MPH)
Ricardo Rosales to third
Dave Lotts to second
Runner from 3rd tries for Home, SAFE, throw by RF to home
Batting: RHB Juan Hernandez 0-0: Swinging Strike
0-1: Fly out, F6 (Popup, 4MD, EV 66.3 MPH)
Batting: LHB Cesar Gutierrez 0-0: Foul Ball, location: 2F
0-1: Ball
1-1: Ground out U3 (Groundball, 3S, EV 81.3 MPH)
Bottom of the 8th over - 1 run, 2 hits, 0 errors, 2 left on base; Houston 3 - Tijuana 4
TOP OF THE 9TH
Houston Colt .45's batting - Pitching for Tijuana Toros : RHP Tim Clark
Pitching: RHP Edgar Marroquin
Pinch Hitting: LHB Eddie Valdez 0-0: Ball
1-0: Swinging Strike
1-1: Ground out U3 (Groundball, 3, EV 93.8 MPH)
Pinch Hitting: LHB Bülent Saffet 0-0: Ball
1-0: Ball
2-0: Foul Ball, location: 2F
2-1: Foul Ball, location: 2F
2-2: Foul Ball, location: 2F
2-2: Ball
3-2: Base on Balls
Pinch Hitting: RHB Tony Diaz 0-0: Swinging Strike
0-1: Foul Ball, location: 2F
0-2: Ball
1-2: Ball
2-2: Foul Ball, location: 2F
2-2: Strikes out swinging
Pinch Hitting: LHB Mike Scarth 0-0: Ball
1-0: Foul Ball, location: 2F
1-1: Foul Ball, location: 2F
1-2: Strikes out swinging
Top of the 9th over - 0 runs, 0 hits, 0 errors, 1 left on base; Houston 3 - Tijuana 4
Thursday, December 15th , 2022 - OOTP Baseball 23.9 Build 102